 Dungeon Crawl Stone Soup version 0.22-a0-354-g30dfbe6 (webtiles) character file.

2405 Amnesiac the Reanimator (level 9, -6/65 HPs)
             Began as a Mummy Necromancer on Apr 16, 2018.
             Was a Believer of Sif Muna.
             Hit by a tomahawk thrown by an orc warrior (15 damage)
             ... on level 6 of the Dungeon.
             The game lasted 00:11:03 (6516 turns).

Amnesiac the Reanimator (Mummy Necromancer)         Turns: 6516, Time: 00:11:05

Health: -6/65      AC:  4    Str: 11    XL:     9   Next: 23%
Magic:  9/20       EV: 18    Int: 17    God:    Sif Muna [**....]
Gold:   237        SH:  0    Dex: 13    Spells: 18/22 levels left

rFire    x . .     SeeInvis .   l - +3 glaive
rCold    + . .     Gourm    .   (shield currently unavailable)
rNeg     + + +     Faith    .   a - +0 robe
rPois    ∞         Spirit   .   (no helmet)
rElec    .         Reflect  .   (no cloak)
rCorr    .         Harm     .   d - +1 pair of gloves
MR       +....                  (no boots)
Stlth    ++........             (no amulet)
HPRegen  0.20/turn              q - ring of wizardry
MPRegen  0.17/turn              m - +3 ring of evasion (curse)

@: divine energy
A: no food or potions, fire vulnerability, cold resistance 1, negative energy
resistance 3, torment resistance, unbreathing
a: Stop Divine Energy, Renounce Religion


You were on level 6 of the Dungeon.
You worshipped Sif Muna.
Sif Muna was pleased with you.
You were not hungry.

You visited 2 branches of the dungeon, and saw 7 of its levels.

You collected 237 gold pieces.

Inventory:

Hand Weapons
 i - a +1 dagger of draining
 k - a +0 trident
 l - a +3 glaive (weapon)
Missiles
 b - 220 stones (quivered)
 g - 50 sling bullets
Armour
 a - a +0 robe (worn)
 d - a +1 pair of gloves (worn)
Jewellery
 f - an uncursed ring of resist corrosion
 m - a cursed +3 ring of evasion (right hand)
 q - a ring of wizardry (left hand)
Wands
 j - a wand of digging (8)
Scrolls
 c - a scroll of teleportation {!r}
 e - a scroll of magic mapping {!r}
 h - a scroll of blinking {!r}
 n - 4 scrolls of identify {!r}
 o - 3 scrolls of remove curse {!r}
 p - a scroll of fog {!r}
 r - a scroll of enchant armour {!r}


   Skills:
 - Level 4.1 Fighting
 - Level 5.3 Dodging
 - Level 1.5 Stealth
 + Level 7.4 Spellcasting
 * Level 9.0 Necromancy


You had 18 spell levels left.
You knew the following spells:

 Your Spells              Type           Power        Failure   Level  Hunger
a - Pain                  Necr           ####         1%          1    N/A
d - Vampiric Draining     Necr           #####.....   1%          3    N/A

Dungeon Overview and Level Annotations

Branches:
Dungeon (6/15)             Temple (1/1) D:4

Altars:
Ashenzari
Dithmenos
Fedhas
Hepliaklqana
Kikubaaqudgha
Makhleb
Nemelex Xobeh
Okawaru
Qazlal
Ru
Sif Muna
Trog
Uskayaw
Vehumet
Wu Jian
Xom
Zin

Annotations:
D:5 4thArraOfDagon's ghost, novice OpFE


Innate Abilities, Weirdness & Mutations

You do not eat or drink.
Your flesh is vulnerable to fire.
You are immune to poison.
Your flesh is cold resistant. (rC+)
You are immune to negative energy. (rN+++)
You are immune to unholy pain and torment.
You can survive without breathing.


Message History

You barely miss the gnoll.
The gnoll is severely wounded.
The orc priest hits you with a hand axe of chopping.
The gnoll hits you with a spear.
The orc priest hits you with a hand axe of chopping.
The gnoll misses you.
You closely miss the gnoll.
The gnoll is severely wounded.
The gnoll barely misses you.
The orc priest mumbles some strange prayers to Beogh against you.
Beogh smites you!
* * * LOW HITPOINT WARNING * * *
You slash the gnoll!
You kill the gnoll!
Sif Muna accepts your kill.
Your Necromancy skill increases to level 9!
The orc priest invokes the aid of Beogh against you.
Beogh smites you!
* * * LOW HITPOINT WARNING * * *
The orc priest hits you but does no damage.
Casting: Vampiric Draining (safe; 1% risk of failure)
Confirm with . or Enter, or press ? or * to list all spells.
Aiming: Vampiric Draining (safe; 1% risk of failure)
Press: ? - help, Shift-Dir - straight line, f - orc priest
Aim: an orc priest, wielding a hand axe of chopping The orc priest is moderately wounded.
You feel life coursing into your body. The orc priest completely misses you.
Casting: Vampiric Draining (safe; 1% risk of failure)
Confirm with . or Enter, or press ? or * to list all spells.
Aiming: Vampiric Draining (safe; 1% risk of failure)
Press: ? - help, Shift-Dir - straight line, f/p - orc priest
Aim: an orc priest, wielding a hand axe of chopping (moderately wounded)
The orc priest is severely wounded.
You feel life coursing into your body.
The orc priest mumbles some strange prayers to Beogh against you.
Beogh smites you!
* * * LOW HITPOINT WARNING * * *
Casting: Vampiric Draining (safe; 1% risk of failure)
Confirm with . or Enter, or press ? or * to list all spells.
Aiming: Vampiric Draining (safe; 1% risk of failure)
Press: ? - help, Shift-Dir - straight line, f/p - orc priest
Aim: an orc priest, wielding a hand axe of chopping (severely wounded)
The orc priest is almost dead.
You feel life coursing into your body. The orc priest barely misses you.
Casting: Vampiric Draining (safe; 1% risk of failure)
Confirm with . or Enter, or press ? or * to list all spells.
Aiming: Vampiric Draining (safe; 1% risk of failure)
Press: ? - help, Shift-Dir - straight line, f/p - orc priest
Aim: an orc priest, wielding a hand axe of chopping (almost dead)
You kill the orc priest!
Sif Muna accepts your kill.
You feel life coursing into your body.
Casting: Vampiric Draining (safe; 1% risk of failure)
Confirm with . or Enter, or press ? or * to list all spells.
You can't see any susceptible monsters within range! (Use Z to cast anyway.)
Casting: Vampiric Draining (safe; 1% risk of failure)
Confirm with . or Enter, or press ? or * to list all spells.
You can't see any susceptible monsters within range! (Use Z to cast anyway.)
The orc warrior throws a tomahawk.
The tomahawk completely misses you.
There is an open door here.
Things that are here:
a tomahawk; a dagger; a kobold corpse The orc warrior throws a tomahawk.
The tomahawk hits you!
You die...

..# '..#..#..# .. ..
#o.#..#..# ..
#.#####..##.# .
#.'..+....#.# ...
..#))#......#....
+##'##...........
#..#........... ####
#(.(......#.... #PP####
####..#@.....#....
......####..####P.....#
...
............÷.........#
##
.##..#..######........#
........## ##.........#
###..#...###..##.....##
#⌠#..##...#..###.....#
###..##.#.#.##
#.##..### .....##.#.#.#
#.#....=#


You could see an orc warrior.

Vanquished Creatures
  Grinder (D:3)
  A hippogriff (D:3)
  Sigmund (D:2)
  A water moccasin (D:6)
  3 orc warriors
  A phantom (D:4)
  2 sky beasts
  3 ogres
  A bullfrog (D:6)
  A scorpion (D:5)
  3 howler monkeys
  A crimson imp (D:6)
  A jelly (D:6)
  An orc wizard (D:5)
  4 orc priests
  3 hounds
  Terence (D:2)
  2 iguanas
  Natasha (thrice) (D:3)
  3 worker ants (D:4)
  A gnoll (D:6)
  9 adders
  An ooze (D:2)
  An adder skeleton (D:4)
  2 worms
  A dart slug (D:1)
  7 leopard geckos
  23 orcs
  2 giant cockroaches
  13 goblins
  7 hobgoblins
  8 jackals
  10 kobolds
  5 quokkas
  2 ball pythons
  8 bats
  2 frilled lizards
  A leopard gecko zombie (D:6)
  2 quokka skeletons
  7 rats
149 creatures vanquished.

Notes
Turn   | Place    | Note
-------+----------+-------------------------------------------
     0 | D:1      | Amnesiac the Mummy Necromancer began the quest for the Orb.
     0 | D:1      | Reached XP level 1. HP: 13/13 MP: 4/4
   316 | D:2      | Found an iron altar of Okawaru.
   316 | D:2      | Noticed Sigmund
   327 | D:1      | Reached XP level 2. HP: 15/20 MP: 2/5
   666 | D:1      | Reached skill level 1 in Fighting
   794 | D:1      | Reached XP level 3. HP: 22/26 MP: 0/7
   799 | D:1      | Learned a level 3 spell: Vampiric Draining
  1152 | D:2      | Noticed Terence
  1164 | D:2      | Killed Terence
  1417 | D:2      | Reached XP level 4. HP: 33/33 MP: 8/8
  1946 | D:3      | Noticed a hippogriff
  1966 | D:4      | Reached XP level 5. HP: 6/39 MP: 0/9
  2257 | D:4      | Found a burning altar of Makhleb.
  2332 | D:4      | Found a shimmering altar of Xom.
  2333 | D:4      | Noticed a phantom
  2344 | D:4      | Noticed an angel
  2362 | D:4      | Found a glowing silver altar of Zin.
  2417 | D:4      | Killed a phantom
  2606 | D:4      | Reached XP level 6. HP: 42/47 MP: 10/10
  2956 | D:4      | Reached skill level 5 in Dodging
  2965 | D:4      | Reached XP level 7. HP: 32/54 MP: 4/11
  3057 | D:4      | Found a staircase to the Ecumenical Temple.
  3066 | Temple   | Entered the Ecumenical Temple
  3127 | Temple   | Became a worshipper of Sif Muna the Loreminder
  3587 | D:2      | Killed Sigmund
  3642 | D:2      | Found a shadowy altar of Dithmenos.
  3812 | D:3      | Killed a hippogriff
  3812 | D:3      | Reached skill level 5 in Necromancy
  3946 | D:3      | Found an ancient bone altar of Kikubaaqudgha.
  4207 | D:3      | Noticed Grinder
  4213 | D:3      | Paralysed by Grinder for 4 turns
  4217 | D:3      | Noticed Natasha
  4226 | D:3      | Paralysed by Grinder for 3 turns
  4241 | D:3      | Killed Grinder
  4241 | D:3      | Reached * piety under Sif Muna
  4241 | D:3      | Reached skill level 5 in Spellcasting
  4241 | D:3      | Reached skill level 6 in Necromancy
  4241 | D:3      | Reached XP level 8. HP: 32/60 MP: 13/15
  4242 | D:3      | Killed Natasha
  4374 | D:3      | Found a bloodstained altar of Trog.
  4590 | D:4      | Found a shattered altar of Ashenzari.
  4645 | D:4      | Found a blossoming altar of Fedhas.
  5004 | D:3      | Found an ancient bone altar of Kikubaaqudgha.
  5103 | D:3      | Found a bloodstained altar of Trog.
  5254 | D:3      | Noticed Natasha
  5262 | D:3      | Killed Natasha
  5451 | D:3      | Noticed Natasha
  5462 | D:3      | Killed Natasha
  5468 | D:3      | Found an ancient bone altar of Kikubaaqudgha.
  5509 | D:5      | Entered Level 5 of the Dungeon
  5637 | D:5      | Reached skill level 7 in Necromancy
  5926 | D:5      | Reached ** piety under Sif Muna
  6007 | D:5      | Reached skill level 8 in Necromancy
  6047 | D:5      | Noticed 4thArraOfDagon's ghost (novice OpFE)
  6050 | D:5      | HP: 1/60 [4thArraOfDagon's ghost/flame tongue (24)]
  6239 | D:6      | Reached XP level 9. HP: 47/65 MP: 9/19
  6509 | D:6      | Reached skill level 9 in Necromancy
  6516 | D:6      | Hit by a tomahawk thrown by an orc warrior

Vault maps used:
D:1:      dpeg_cavernosity, kennysheep_boxes
D:2:      okawaru_metal_pillars_1_2, nicolae_overflow_crystal_walls,
          uniq_terence, uniq_sigmund
D:3:      lemuel_crystal_altar, first_ration, trog_book, uniq_grinder,
          uniq_natasha
D:4:      minmay_diamond_boxcup, grunt_temple_overflow_order_and_chaos_1,
          ashenzari_conservatory_becter, overflow_temple_1_default,
          fedhas_altar_fruit_tree, minmay_temple_entry_butterflies
D:5:      minmay_small_thing
D:6:      corexii_shantytown, feat_on_display
Temple:   compressed_dpeg_triangle_lava_temple

Skill      XL: |  1  2  3  4  5  6  7  8  9 |
---------------+----------------------------+-----
Dodging        | 2 3 4 5 |  5.3
Spellcasting   | 3 5 6 7 |  7.4
Fighting       | 1 2 3 4 |  4.1
Necromancy     | 6 8 9 |  9.0
Stealth        | |  1.5

Action                   |  1- 3 |  4- 6 |  7- 9 || total
-------------------------+-------+-------+-------++-------
Melee: Unarmed           |     4 |       |       ||     4
       Trident           |    13 |    83 |       ||    96
       Glaive            |       |    28 |   228 ||   256
 Cast: Pain              |    48 |    13 |       ||    61
       Vampiric Draining |     1 |    13 |    59 ||    73
Invok: Divine Energy     |       |       |     1 ||     1
Evoke: Wand              |       |       |     5 ||     5
  Use: Scroll            |       |     3 |     7 ||    10
 Stab: Sleeping          |       |     2 |     6 ||     8
Armor: Robe              |     2 |    15 |    45 ||    62
       Plate armour      |    23 |       |       ||    23
       Skin              |     2 |       |       ||     2
Dodge: Dodged            |    17 |    96 |   263 ||   376

Table legend:
 A = Spawn XP
 B = Non-spawn XP
 C = Spawn XP percentage of total XP
 D = Spawn monster count
 E = Non-spawn monster count
 F = Spawn count percentage of total count
 G = Total turns spent on level
                    A         B        C        D         E        F      G
               +---------+---------+-------+---------+---------+-------+---------
         Total |       0 |    3437 |   0.0 |       0 |     149 |   0.0 |  6516
               +---------+---------+-------+---------+---------+-------+---------
           D:1 |       0 |      46 |   0.0 |       0 |      26 |   0.0 |  1630
           D:2 |       0 |     349 |   0.0 |       0 |      19 |   0.0 |   885
           D:3 |       0 |     696 |   0.0 |       0 |      24 |   0.0 |  1794
           D:4 |       0 |     859 |   0.0 |       0 |      24 |   0.0 |  1239
           D:5 |       0 |     700 |   0.0 |       0 |      25 |   0.0 |   435
           D:6 |       0 |     787 |   0.0 |       0 |      31 |   0.0 |   461
               +---------+---------+-------+---------+---------+-------+---------
